 Dungeon Crawl Stone Soup version 0.31-a0-233-g139696dc86 (webtiles) character file.

Game seed: 4090337088866306840

63 qw the Shooter (level 4, -5/26 HPs)
             Began as a Gargoyle Hexslinger on July 7, 2023.
             Slain by an ogre
             ... wielding a +0 giant club
              (12 damage)
             ... on level 3 of the Dungeon.
             The game lasted 00:00:33 (1900 turns).

qw the Shooter (Gargoyle Hexslinger)                Turns: 1900, Time: 00:00:34

Health: -5/26      AC:  9    Str: 11    XL:     4   Next: 10%
Magic:  5/5        EV: 10    Int: 14    God:
Gold:   111        SH:  0    Dex: 14    Spells: 4/5 levels left

rFire   . . .        Y - +1 sling
rCold   . . .        (no shield)
rNeg    + . .        d - +0 ring mail
rPois   inf          (no helmet)
rElec   +            (no cloak)
rCorr   .            e - +0 pair of gloves
SInv    +            (no boots)
Will    +....        (no amulet)
Stlth   +            f - ring of see invisible
HPRegen 0.24/turn    c - ring of willpower
MPRegen 0.09/turn

%: no passive effects
@: no status effects
A: sickness immunity, AC +3, negative energy resistance 1, electricity
resistance, torment resistance 1, petrification resistance
a: no special abilities


You were on level 3 of the Dungeon.
You visited 1 branch of the dungeon, and saw 3 of its levels.

You collected 111 gold pieces.


Innate Abilities, Weirdness & Mutations

You are immune to sickness and miasma.
Your stone body is resilient. (AC +3)
You are immune to poison.
You resist negative energy. (rN+)
You are resistant to electric shocks. (rElec)
You are resistant to unholy torment.
You are immune to petrification.


   Skills:
 - Level 2.0 Fighting
 - Level 3.9 Ranged Weapons
 + Level 0.1 Armour
 - Level 1.5 Dodging
 - Level 1.0 Spellcasting
 - Level 2.6 Hexes


You had 4 spell levels left.
You knew the following spells:

 Your Spells              Type           Power      Damage    Failure   Level
a - Slow                  Hex            32%        N/A       22%         1

Your spell library contained the following spells:

 Spells                   Type           Power      Damage    Failure   Level
 Inner Flame              Hex/Fire       4%         N/A       73%         3
 Portal Projectile        Hex/Tloc       8%         N/A       73%         3
 Cause Fear               Hex            4%         N/A       91%         4

Inventory:

Hand Weapons
 Y - a +1 sling (weapon)
Armour
 d - a +0 ring mail (worn)
 e - a +0 pair of gloves (worn)
Jewellery
 b - a ring of positive energy
 c - a ring of willpower (right hand)
 f - a ring of see invisible (left hand)
 h - a ring of fire
Scrolls
 a - a scroll of identify
Potions
 k - a potion of invisibility {unknown}
 l - a potion of curing {unknown}

Dungeon Overview and Level Annotations

Branches:
Dungeon (3/15)

Altars:
Zin

Shops:
D:2 (


Message History

(? for menu, Esc to cancel) < or
Y - a ring of positive energy; > or
c - a ring of willpower You remove your ring of positive energy.
f - a ring of see invisible (left hand) Done exploring.
1868 ||| READING scroll labelled YVETOPL DOROSCHOJIP.
As you read the scroll labelled YVETOPL DOROSCHOJIP, it dissolves into smoke.
It was a scroll of fog.
Done exploring.
(D) Dungeon
Where to? (* - list waypoints, Enter - D:2, ? - help)
What level of the Dungeon? (default 1, ? - help)
There is a stone staircase leading down here.
You climb downwards.
The ball python hisses angrily.
There is a stone staircase leading up here.
A ball python is nearby!
Waypoint 2 assigned to D:3.
You shoot a sling bullet. The sling bullet hits the ball python!
You kill the ball python!
An ogre comes into view. It is wielding a +0 giant club.
The ogre shouts!
You shoot a sling bullet.
The sling bullet barely misses the ogre.
You shoot a sling bullet.
The sling bullet hits the ogre but does no damage.
You shoot a sling bullet. The sling bullet hits the ogre.
The ogre is lightly wounded.
The ogre hits you with a +0 giant club.
You shoot a sling bullet. The sling bullet hits the ogre.
The ogre is moderately wounded.
The ogre misses you.
You shoot a sling bullet.
The sling bullet barely misses the ogre.
The ogre hits you with a +0 giant club!
Ouch! That really hurt!
You shoot a sling bullet. The sling bullet hits the ogre.
The ogre is moderately wounded.
The ogre hits you with a +0 giant club!
You die...

#.#.
#####.. .##
....... ...
#...... ..#
#..##.# ..#
#..##.# ..#
#..##.# ..#
#..##.##O.#
#.<....@..#
#........##
#####.####
#.# #..
####


You could see an ogre.

Vanquished Creatures
  2 adders (D:2)
  2 dart slugs
  5 ball pythons
  5 endoplasms
  4 goblins
  3 hobgoblins (D:1)
  3 jackals (D:1)
  A kobold (D:1)
  A quokka (D:2)
  4 bats
  3 frilled lizards (D:1)
  6 rats
39 creatures vanquished.

Notes
Turn   | Place    | Note
-------+----------+-------------------------------------------
     0 | D:1      | qw the Gargoyle Hexslinger began the quest for the Orb.
     0 | D:1      | Reached XP level 1. HP: 12/12 MP: 2/2
     0 | D:1      | 0 ||| qw: Version: 0.3-a-46-gb1f654a
     0 | D:1      | 0 ||| qw: Game counter: 3022
     0 | D:1      | 0 ||| qw: Melee chars always use a shield: true
     0 | D:1      | 0 ||| qw: God list: Okawaru
     0 | D:1      | 0 ||| qw: Allow faded altars: false
     0 | D:1      | 0 ||| qw: Do Orc after clearing Dungeon:15 true
     0 | D:1      | 0 ||| qw: Do second Lair branch before Depths: true
     0 | D:1      | 0 ||| qw: Lair rune preference: random
     0 | D:1      | 0 ||| qw: Goals: Normal
     0 | D:1      | 0 ||| PLANNING D:1-11
   143 | D:1      | Reached XP level 2. HP: 16/16 MP: 3/3
   290 | D:1      | Reached skill level 3 in Ranged Weapons
   319 | D:1      | Found a glowing silver altar of Zin.
   553 | D:1      | Reached XP level 3. HP: 18/21 MP: 4/4
   850 | D:1      | 850 ||| UPGRADING to +0 pair of gloves.
   855 | D:1      | 855 ||| DROPPING scarf of invisibility.
   856 | D:1      | 856 ||| UPGRADING to +0 leather armour.
   866 | D:1      | 866 ||| DROPPING +0 robe.
   867 | D:1      | 867 ||| UPGRADING to ring of positive energy.
   868 | D:1      | 868 ||| READING 2 scrolls labelled BYKHLU KUORPHA.
   869 | D:1      | 869 ||| READING 3 scrolls labelled EKLALI WEJISCH.
   970 | D:1      | 970 ||| DROPPING scroll of poison.
   971 | D:1      | 971 ||| DROPPING 2 scrolls of silence.
  1246 | D:2      | Found Halaohoc's Weapon Shop.
  1391 | D:2      | Reached XP level 4. HP: 26/26 MP: 5/5
  1517 | D:2      | 1517 ||| FLEEEEING.
  1854 | D:2      | 1854 ||| UPGRADING to +0 ring mail.
  1864 | D:2      | 1864 ||| DROPPING +0 leather armour.
  1865 | D:2      | 1865 ||| UPGRADING to ring of willpower.
  1866 | D:2      | 1866 ||| UPGRADING to ring of see invisible.
  1868 | D:2      | 1868 ||| READING scroll labelled YVETOPL DOROSCHOJIP.
  1894 | D:3      | Noticed an ogre
  1899 | D:3      | HP: 6/26 [ogre/+0 giant club (14)]
  1900 | D:3      | Slain by an ogre

Levels and vault maps discovered:
D:1:      dpeg_arrival_rooms_c, layout_loops_corners, minmay_hexomino_r4
D:2:      layout_basic, serial_shops, nicolae_shop_pleasant_corner_grove,
          grunt_ministairs_9, st_stairs_2
D:3:      layout_loops_corners, zin_scriptorium,
          hellmonk_ecumenical_altar_heavens_door

Skill      XL: |  1  2  3 |
---------------+----------+-----
Ranged Weapons | 3 |  3.9
Fighting       | 2 |  2.0
Armour         | |  0.1
Dodging        | |  1.5
Spellcasting   | |  1.0
Hexes          | |  2.6

Action                     |  1- 3 |  4- 6 || total
---------------------------+-------+-------++-------
   Fire: Sling             |   106 |    15 ||   121
    Use: Scroll            |     2 |     1 ||     3
 Armour: Robe              |     3 |       ||     3
         Leather armour    |     7 |     1 ||     8
  Dodge: Dodged            |    33 |     1 ||    34

Table legend:
 A = Non-vault XP
 B = Vault XP
 C = Vault XP percentage of total XP
 D = Non-vault monster count
 E = Vault monster count
 F = Vault count percentage of total count
                 A         B        C        D         E       F
            +---------+---------+-------+---------+---------+-------
      Total |      63 |      28 |  30.8 |      30 |       9 |  23.1
            +---------+---------+-------+---------+---------+-------
        D:1 |      28 |      11 |  28.2 |      18 |       5 |  21.7
        D:2 |      33 |      17 |  34.0 |      11 |       4 |  26.7
        D:3 |       2 |       0 |   0.0 |       1 |       0 |   0.0
            +---------+---------+-------+---------+---------+-------
